 Dungeon Crawl Stone Soup version 0.30-a0-718-geaa24f58ff (webtiles) character file.

Game seed: 9081252768658121718

32 omnomnOMINOUS the Sneak (level 3, 0/23 HPs)
             Began as an Octopode Wanderer on Jan 25, 2023.
             Succumbed to an adder's poison
             ... on level 2 of the Dungeon.
             The game lasted 00:02:06 (752 turns).

omnomnOMINOUS the Sneak (Octopode Wanderer)          Turns: 752, Time: 00:02:06

Health: 0/23       AC:  1    Str:  8    XL:     3   Next: 25%
Magic:  5/5        EV: 13    Int: 17    God:
Gold:   52         SH:  0    Dex: 13    Spells: 4/5 levels left

rFire   . . .      SeeInvis .    a - +2 hand axe (elec)
rCold   . . .      Faith    .    (no shield)
rNeg    . . .      Spirit   .    b - +0 hat
rPois   .          Reflect  .    (no amulet)
rElec   .          Harm     .    (no ring)
rCorr   .          Rampage  .    (no ring)
Will    .....                    (no ring)
Stlth   +++                      (no ring)
HPRegen 0.23/turn                (no ring)
MPRegen 0.09/turn                (no ring)
                                 (no ring)
                                 (no ring)

@: mighty, lethally poisoned (0 -> -4), hasted, very quick
A: almost no armour, amphibious, 8 rings, camouflage 1, gelatinous body 1,
(nimble swimmer 1), tentacles
a: no special abilities


You were on level 2 of the Dungeon.
You visited 1 branch of the dungeon, and saw 2 of its levels.

You collected 52 gold pieces.

Inventory:

Hand Weapons
 a - a +2 hand axe of electrocution (weapon)
 h - a +0 dagger
Missiles
 g - 4 poisoned darts
Armour
 b - a +0 hat (worn)
Magical Staves
 k - a staff of cold
Scrolls
 d - a scroll of fog
 f - a scroll of teleportation {unknown}
 i - a scroll of noise {unknown}
 j - a scroll of poison {unknown}
Potions
 c - a potion of invisibility


   Skills:
 + Level 1.3 Fighting
 + Level 1.3 Dodging
 - Level 4.0 Stealth
 - Level 2.0 Unarmed Combat
 + Level 1.8 Spellcasting
 - Level 4.0 Translocations


You had 4 spell levels left.
You knew the following spells:

 Your Spells              Type           Power      Damage    Failure   Level
a - Apportation           Tloc           30%        N/A       3%          1

Your spell library contained the following spells:

 Spells                   Type           Power      Damage    Failure   Level
 Vhi's Electric Charge    Tloc/Air       16%        N/A       26%         3
 Kindle Blastsparks       Fire/Tloc/Air  12%        2d11      34%         3


Dungeon Overview and Level Annotations

Branches:
Dungeon (2/15)

Altars:


Innate Abilities, Weirdness & Mutations

You cannot wear most types of armour.
You are amphibious.
You can wear up to eight rings at the same time.
Your skin changes colour to match your surroundings (Stealth+).
Your rubbery body absorbs attacks. (AC +1, EV +1)
((You are camouflaged when in or above water. (Stealth+)))
You have tentacles for arms and can constrict up to eight enemies at once.


Message History

HP restored.
You now have 52 gold pieces (gained 1).
Found an escape hatch in the ceiling.
l - a sedimented dark potion
There is an escape hatch in the ceiling here.
You see here a +2 sling of flaming.
You open the door.
There is an open door here.
You enter the shallow water.
An adder comes into view.
You closely miss the adder. Your grab misses the adder.
The adder completely misses you. The adder bites you.
You are poisoned.
The adder poisons you!
You barely miss the adder. You grab the adder. Your squeeze misses the adder.
You constrict the adder.
You feel sick. The adder bites you.
You are more poisoned.
The adder poisons you!
You completely miss the adder.
The adder is lightly wounded.
You constrict the adder.
You feel sick. The adder bites you. x2
You are lethally poisoned!
The adder poisons you!
You are too injured to fight recklessly!
You are too injured to fight recklessly!
It was a potion of might.
You feel very mighty all of a sudden.
You constrict the adder.
* * * LOW HITPOINT WARNING * * *
You feel sick. The adder misses you.
It was a potion of haste.
You feel yourself speed up.
You constrict the adder.
* * * LOW HITPOINT WARNING * * *
You feel sick. The adder bites you.
* * * LOW HITPOINT WARNING * * *
The adder barely misses you.
You barely miss the adder. You squeeze the adder.
The adder is almost dead.
You constrict the adder.
You kill the adder!
You die...

.#####.....####.........#
#.....# #.......^.#
#.....# #.........#
#.....# #.........#
+.....# #.........#
#.....# #.........#.
#.....# #....P......
#.....#######~PP#
#.......@†...~P~#
#####.....######.~~~#
#.........# #..~♣#
#.........#######'###
#.....###...........#
#.....# #...<..)....+
#.....# #...........#
#.....# #...........#
#.....# #...........#


There were no monsters in sight!

Vanquished Creatures
  An adder (D:2)
  A dart slug (D:1)
  4 goblins
  2 hobgoblins (D:1)
  6 kobolds
  3 ball pythons (D:1)
  5 bats (D:1)
  6 frilled lizards
  3 rats (D:1)
31 creatures vanquished.

Notes
Turn   | Place    | Note
-------+----------+-------------------------------------------
     0 | D:1      | omnomnOMINOUS the Octopode Wanderer began the quest for the
                  | Orb.
     0 | D:1      | omnomnOMINOUS set off with the following items: a +0
                  | dagger, a +0 hat, a potion of invisibility, a scroll of
                  | fog; and the following spell memorised: Apportation; and
                  | the following spells available to memorise: Vhi's Electric
                  | Charge, Kindle Blastsparks.
     0 | D:1      | Reached XP level 1. HP: 11/11 MP: 2/2
   123 | D:1      | Reached XP level 2. HP: 18/18 MP: 3/3
   224 | D:1      | Reached skill level 1 in Fighting
   224 | D:1      | Reached skill level 1 in Dodging
   479 | D:1      | Reached XP level 3. HP: 23/23 MP: 5/5
   751 | D:2      | HP: 1/23 [adder (3)]
   752 | D:2      | Succumbed to an adder's poison

Illustrated notes

Levels and vault maps discovered:
D:1:      doesnt_arrival_eight_statues, layout_loops_cross
D:2:      minmay_diamond_boxcup, layout_basic, serial_bayou_pond_e

Skill      XL: |  1  2 |
---------------+-------+-----
Fighting       | 1 |  1.3
Dodging        | 1 |  1.3
Stealth        | |  4.0
Unarmed Combat | |  2.0
Spellcasting   | |  1.8
Translocations | |  4.0

Action                     || total
---------------------------++-------
  Melee: Dagger            ||    23
         Constrict         ||     9
         Tentacles         ||     5
         Hand axe          ||    28
    Use: Potion            ||     2
   Stab: Sleeping          ||    15
         Distracted        ||     1
 Armour: Skin              ||     4
  Dodge: Dodged            ||    21

Table legend: (Time is in decaauts)
 A = Elapsed time spent in this place.
 B = Non-inter-level travel time spent in this place.
 C = Inter-level travel time spent in this place.
 D = Time resting spent in this place.
 E = Time spent auto-exploring this place.
 F = Levels seen in this place.
 G = Mean time per level.
                   A        B        C        D        E       F      G
               +--------+--------+--------+--------+--------+-----+--------+
         Total |    759 |    736 |     23 |     44 |    487 |   2 |  379.5 |
       Dungeon |    759 |    736 |     23 |     44 |    487 |   2 |  379.5 |
               +--------+--------+--------+--------+--------+-----+--------+

Top non-repeatable levels by time:
     D:1: 661 daAuts
     D:2: 98 daAuts
